Map: 国王藏宝地-天梯版

Players

SpeCial

  • Race: Terran Terran

Scarlett - Winner!

  • Race: Zerg Zerg
  • League: Diamond

Event: WESG 2018 Grand Finals

VOD

Have the link to the VOD?

Description

Time

  • Played on: March 13, 2019, 6:29 a.m.
  • Length: 16:40

All games in this series

Show
View Real Time Build Order
Export as new Build Order

SpeCial Terran 

Build Orders: Reaper Expand 

Get SALT Encoding   

  12  0:00  SCV  
  13  0:12  SCV  
  14  0:17  Supply Depot  
  14  0:24  SCV  
  15  0:39  SCV  
  15  0:41  Barracks  
  16  0:44  Refinery  
  16  0:51  SCV  
  17  1:03  SCV  
  18  1:15  SCV  
  19  1:28  Reaper  
  19  1:29  Orbital Command  
  20  1:41  Command Center  
  20  1:54  Supply Depot  
  20  1:55  SCV  
  20  2:00  Marine  
  22  2:05  Factory  
  22  2:08  SCV  
  23  2:13  Refinery  
  23  2:21  SCV  
  23  2:22  Barracks Reactor  
  24  2:29  Bunker  
  24  2:34  SCV  
  25  2:46  SCV  
  25  2:50  Factory Tech Lab  
  26  2:58  SCV  
  26  3:06  Marine x2  
  26  3:09  Cyclone  
  31  3:14  SCV  
  31  3:20  Command Center  
  31  3:24  Marine x2  
  31  3:30  Supply Depot  
  31  3:32  Starport  
  31  3:44  SCV  
  31  3:52  Marine x2  
  31  3:54  Siege Tank  
  34  4:09  Supply Depot  
  34  4:21  Barracks  
  33  4:31  SCV  
  33  4:33  SCV  
  33  4:34  Siege Tank  
  38  4:44  SCV  
  39  4:56  SCV  
  40  5:07  Barracks  
  40  5:08  SCV  
  40  5:12  Marine, Orbital Command  
  42  5:20  SCV  
  43  5:26  Raven  
  45  5:32  SCV  
  46  5:46  Orbital Command  
  46  5:48  Supply Depot, Command Center  
  46  5:50  Barracks Reactor  
  46  5:57  Factory Tech Lab  
  46  5:59  Supply Depot  
  46  6:10  SCV  
  48  6:18  SCV  
  48  6:19  Marine  
  48  6:20  Stimpack  
  48  6:22  SCV  
  48  6:25  Barracks, Starport Reactor  
  50  6:30  SCV  
  51  6:33  Siege Tank  
  51  6:34  SCV  
  51  6:37  Marine x3  
  58  6:42  SCV  
  58  6:45  Supply Depot  
  58  6:46  Supply Depot, SCV  
  60  6:54  SCV  
  60  6:55  Marine  
  60  6:59  Marine, SCV  
  65  7:04  Orbital Command  
  65  7:07  SCV  
  65  7:09  Supply Depot  
  65  7:10  Marine  
  65  7:11  SCV  
  65  7:12  Marine  
  67  7:17  Marine  
  67  7:18  Starport Reactor  
  67  7:19  SCV  
  67  7:22  Refinery  
  69  7:23  Refinery, SCV  
  69  7:27  Marine  
  71  7:32  Engineering Bay  
  71  7:33  Orbital Command  
  71  7:35  Marine  
  71  7:36  Marine  
  73  7:37  Marine x2  
  73  7:38  Engineering Bay  
  73  7:40  SCV x2  
  73  7:43  Siege Tank  
  80  7:45  Marine  
  81  7:52  SCV  
  81  7:53  SCV  
  81  7:58  Marine x3  
  86  8:00  Medivac  
  86  8:01  Medivac  
  86  8:03  SCV  
  91  8:07  Supply Depot  
  91  8:09  Terran Infantry Armor Level 1  
  91  8:12  SCV x2  
  93  8:14  Marine x2  
  93  8:15  Marine, SCV  
  93  8:16  Terran Infantry Weapons Level 1  
  97  8:24  SCV x2  
  99  8:27  SCV  
  99  8:29  Combat Shield  
  99  8:32  Barracks  
  99  8:33  Barracks  
  100  8:35  Siege Tank  
  100  8:36  SCV  
  100  8:37  Marine  
  100  8:38  Marine  
  100  8:41  Marine x2  
  108  8:45  SCV  
  109  8:54  Supply Depot  
  109  8:57  Refinery, Supply Depot  
  109  8:58  Refinery  
  109  9:12  Marine x2  
  109  9:15  Marine x3, Siege Tank, SCV x2  
  117  9:19  SCV, Supply Depot  
  117  9:20  Armory  
  117  9:21  Supply Depot  
  118  9:24  Barracks Reactor, Barracks Tech Lab  
  118  9:27  SCV  
  118  9:28  Medivac  
  118  9:29  Medivac  
  123  9:33  Marauder  
  125  9:40  Marine  
  125  9:41  SCV x2  
  128  9:46  Factory, Supply Depot  
  128  9:49  Marauder, Marine x3  
  128  9:50  Siege Tank  
  128  9:52  SCV  
  136  9:53  SCV  
  136  9:54  Marine  
  136  9:58  Marine, SCV, Supply Depot  
  140  10:00  Marine  
  141  10:08  Medivac x2, Marine, SCV  
  141  10:09  Supply Depot  
  145  10:15  Terran Infantry Weapons Level 2  
  145  10:18  Terran Infantry Armor Level 2  
  145  10:24  Terran Vehicle Weapons Level 1  
  145  10:30  Factory Tech Lab  
  145  10:36  Command Center  
  145  10:40  Marine x2  
  145  10:41  Marine x2  
  149  10:45  Marine x3, Siege Tank  
  149  10:47  Marine  
  156  10:58  Marine x3  
  156  11:02  Marine  
  156  11:04  Marauder  
  161  11:06  Marauder  
  161  11:07  Medivac  
  164  11:12  Marine  
  164  11:13  Medivac  
  138  11:20  Marine x4  
  138  11:21  Marine  
  138  11:22  Liberator  
  138  11:23  Siege Tank  
  138  11:25  Marauder  
  132  11:26  Liberator  
  132  11:27  Marine  
  132  11:30  Marine  
  134  11:35  Barracks  
  134  11:37  Barracks  
  134  11:38  Marine x5  
  142  11:44  Marine  
  142  11:46  Marine  
  147  11:48  Marine  
  147  11:53  SCV  
  147  11:54  SCV x2  
  151  11:56  Marine x5  
  151  12:00  Siege Tank  
  151  12:01  Siege Tank  
  162  12:02  Marine  
  162  12:04  Marine  
  162  12:06  Marine, Planetary Fortress  
  165  12:14  Marine  
  166  12:16  SCV x2  
  166  12:17  SCV  
  166  12:19  Marine x3  
  166  12:20  Marine  
  166  12:21  Marauder  
  166  12:22  Marauder  
  177  12:24  Marine  
  177  12:25  Barracks Reactor, Barracks Tech Lab  
  177  12:28  SCV, Terran Vehicle Weapons Level 2  
  179  12:43  Refinery  
  179  12:44  Refinery  
  179  12:47  Sensor Tower, Command Center  
  179  12:48  Siege Tank  
  179  12:49  Medivac  
  179  12:50  Medivac  
  179  12:54  Marauder  
  180  12:58  Marine x2  
  180  13:02  Marauder, Marine x3  
  180  13:05  Marine  
  180  13:06  Marine  
  180  13:07  Siege Tank  
  180  13:08  Ghost Academy, Marine  
  180  13:11  Marine  
  180  13:15  Marauder  
  180  13:16  Marine x2  
  180  13:19  Medivac  
  180  13:21  Marine x3  
  180  13:22  Marine  
  180  13:23  Medivac  
  180  13:26  Marine  
  180  13:27  Marauder, Marine  
  178  13:31  SCV  
  178  13:33  Supply Depot  
  180  13:36  Supply Depot  
  180  13:37  Liberator  
  180  13:42  Personal Cloaking  
  180  13:43  SCV x2  
  179  13:53  Supply Depot  
  179  13:55  Medivac  
  184  13:56  Ghost x2  
  188  14:06  Barracks Tech Lab  
  174  14:12  Marine  
  174  14:13  Marauder, Siege Tank  
  174  14:15  Marine  
  174  14:16  Marine  
  142  14:22  Marine  
  142  14:23  Marine x2  
  129  14:25  Marauder x2, Siege Tank  
  129  14:26  Marine  
  129  14:30  Marine  
  126  14:32  Marine  
  126  14:34  Marauder  
  126  14:35  Marine  
  120  14:40  Marine  
  120  14:45  Marauder, Marine  
  111  14:46  Marauder, Marine  
  111  14:47  Marauder  
  111  14:48  Marine  
  111  14:50  Marine  
  106  14:53  Marine  
  106  14:54  SCV  
  106  14:55  Marauder, Orbital Command  
  106  14:58  Marine  
  101  15:03  Marine x2  
  101  15:05  Marine  
  101  15:06  Marauder  
  96  15:07  Marine  
  96  15:08  Marauder, Marine  
  96  15:11  Marine, SCV x2  
  100  15:16  Marine  
  100  15:17  Marauder  
  103  15:21  Marine  
  103  15:22  SCV  
  103  15:23  SCV  
  103  15:26  Marine  
  107  15:29  Marine, Liberator  
  107  15:32  Liberator, Siege Tank  
  111  15:38  Marine  
  111  15:39  Marauder  
  111  15:41  Marauder  
  122  15:55  Marauder  
  124  16:02  Marine x3  
  124  16:03  Marauder, Marine x2  
  134  16:12  Marine  
  134  16:13  Marauder  
  134  16:14  Marauder  
  134  16:16  Marine  
  138  16:22  Marine  
Show
View Real Time Build Order
Export as new Build Order

Scarlett Zerg - Winner!

Build Orders: Hatch First, Ravager All-In 

Get SALT Encoding   

  12  0:00  Drone  
  13  0:12  Overlord  
  13  0:18  Drone  
  14  0:31  Drone x2  
  14  0:35  Drone  
  17  0:55  Hatchery  
  16  0:58  Drone  
  16  1:01  Drone  
  18  1:12  Extractor  
  18  1:16  Spawning Pool  
  16  1:20  Drone  
  16  1:23  Drone  
  18  1:28  Drone  
  19  1:39  Drone  
  20  1:50  Drone  
  21  1:54  Extractor  
  21  2:00  Drone  
  21  2:03  Roach Warren  
  21  2:06  Queen  
  21  2:07  Queen  
  24  2:10  Zergling x2  
  24  2:14  Drone  
  26  2:21  Overlord  
  26  2:34  Drone  
  27  2:44  Queen  
  27  2:48  Roach x2  
  32  2:57  Overlord  
  32  3:00  Drone  
  32  3:04  Roach  
  35  3:09  Overlord  
  35  3:18  Ravager  
  35  3:19  Roach  
  40  3:20  Roach  
  40  3:30  Ravager  
  40  3:33  Ravager  
  42  3:42  Ravager x2  
  44  3:57  Hatchery  
  44  3:59  Drone  
  44  4:00  Drone x3  
  47  4:12  Drone x3  
  44  4:25  Drone  
  45  4:33  Queen  
  44  4:40  Roach x2  
  48  4:46  Drone x4  
  49  4:59  Drone  
  50  5:05  Roach  
  50  5:07  Spore Crawler  
  49  5:17  Ravager  
  50  5:25  Overlord  
  50  5:26  Drone  
  50  5:27  Overlord  
  50  5:35  Overlord x2  
  50  5:38  Spore Crawler  
  50  5:41  Drone  
  50  5:43  Queen x2  
  50  5:45  Drone x3  
  50  5:48  Drone  
  50  5:49  Drone x2  
  60  6:00  Drone x2  
  62  6:06  Drone x2  
  64  6:12  Hatchery  
  64  6:14  Evolution Chamber  
  64  6:15  Evolution Chamber  
  64  6:16  Extractor  
  60  6:18  Drone x2  
  60  6:21  Lair, Drone  
  60  6:24  Extractor  
  62  6:28  Drone x3  
  62  6:30  Drone  
  66  6:36  Drone  
  66  6:38  Queen  
  69  6:40  Drone  
  69  6:41  Zerg Ground Armor Level 1  
  69  6:45  Zerg Missile Weapons Level 1  
  70  6:48  Ravager x2  
  70  6:52  Overlord  
  72  6:56  Drone  
  72  6:57  Drone x2  
  75  7:01  Roach x2  
  75  7:03  Overlord  
  75  7:07  Overlord  
  79  7:11  Overlord  
  79  7:14  Drone x3  
  82  7:17  Drone x2  
  82  7:21  Glial Reconstitution  
  84  7:28  Roach  
  84  7:29  Roach x2  
  90  7:32  Roach  
  90  7:33  Overseer  
  90  7:36  Overlord  
  92  7:41  Ravager x2  
  96  7:44  Roach x3  
  100  7:58  Drone x10  
  110  8:00  Extractor  
  110  8:01  Drone x2, Extractor  
  110  8:02  Infestation Pit  
  109  8:08  Baneling Nest  
  109  8:11  Roach x3  
  111  8:14  Drone x2  
  111  8:18  Drone x2  
  114  8:27  Drone x2  
  114  8:28  Metabolic Boost  
  116  8:37  Zerg Ground Armor Level 2  
  116  8:38  Zergling x2  
  116  8:39  Zergling x10  
  116  8:40  Zerg Melee Weapons Level 1  
  122  8:50  Spore Crawler  
  122  8:52  Ravager  
  122  8:53  Overlord x3  
  122  8:56  Centrifical Hooks  
  122  8:58  Hive  
  122  9:05  Hatchery  
  121  9:16  Drone x4  
  121  9:17  Drone x7  
  132  9:27  Hatchery  
  132  9:30  Overlord x2  
  131  9:33  Ravager x7  
  138  9:40  Ravager  
  138  9:41  Zergling x12  
  138  9:43  Baneling x2  
  138  9:44  Baneling  
  138  9:45  Ravager  
  146  9:51  Drone x5  
  151  10:12  Zergling x22  
  160  10:16  Hatchery  
  160  10:19  Adrenal Glands  
  159  10:22  Ultralisk Cavern  
  159  10:25  Ultralisk Cavern  
  157  10:32  Zergling x2  
  157  10:33  Overlord x3  
  157  10:34  Overlord  
  158  10:35  Zerg Melee Weapons Level 2  
  155  10:42  Viper  
  155  10:43  Viper  
  155  10:47  Extractor  
  155  10:48  Extractor  
  162  10:53  Baneling  
  162  10:54  Baneling x9  
  162  10:55  Zergling x22  
  162  10:56  Zergling x4  
  173  10:58  Baneling x10  
  173  10:59  Zergling x2, Baneling  
  174  11:08  Zergling x16  
  174  11:09  Zergling x2  
  164  11:23  Hatchery  
  158  11:27  Chitinous Plating  
  158  11:31  Zerg Ground Armor Level 3  
  158  11:34  Drone x3  
  158  11:35  Extractor  
  160  11:42  Anabolic Synthesis  
  160  11:49  Zergling x12, Ultralisk  
  172  11:57  Zergling x14  
  179  12:03  Drone x3  
  179  12:04  Spore Crawler, Drone  
  179  12:05  Drone x2  
  184  12:11  Ultralisk  
  190  12:19  Ultralisk  
  196  12:25  Spire  
  196  12:29  Zergling x10  
  200  12:33  Baneling x6  
  200  12:37  Baneling  
  200  12:38  Baneling x2  
  196  12:51  Zergling x6  
  195  12:58  Drone  
  195  12:59  Drone x4  
  191  13:06  Zergling x8, Ultralisk  
  194  13:16  Drone x9  
  197  13:35  Zergling x4  
  197  13:36  Baneling  
  197  13:37  Baneling x9  
  197  13:39  Baneling x31  
  197  13:40  Baneling x3  
  194  13:44  Drone x2  
  194  13:46  Zerg Flyer Weapons Level 1  
  194  13:47  Zergling x6  
  199  14:01  Zergling x10  
  199  14:07  Spine Crawler  
  199  14:09  Spore Crawler  
  171  14:23  Corruptor x8  
  169  14:26  Zergling x6  
  169  14:30  Zergling x8  
  159  14:43  Zergling x22  
  156  14:48  Zergling x8  
  151  14:56  Zergling x10  
  151  14:57  Zergling x2  
  151  14:59  Zergling x4  
  135  15:09  Drone x7  
  130  15:20  Hatchery  
  129  15:23  Infestor x2  
  133  15:29  Drone x2  
  133  15:30  Drone  
  133  15:35  Drone x6  
  142  15:48  Ultralisk x2  
  154  15:50  Baneling  
  154  15:51  Baneling x5  
  154  15:52  Baneling x2  
  154  15:53  Baneling  
  154  15:56  Baneling x8  
  154  15:57  Baneling  
  154  15:58  Baneling x2  
  154  15:59  Baneling  
  154  16:03  Zergling x6  
  157  16:14  Zergling x2  
  157  16:15  Zergling x18  
Tags
 
Add a new tag
Caveats
  • Supply blocks, unpowered buildings, or Contaminate may cause inaccurate times.
  • Supply counts are checked every 10 seconds.